 Dungeon Crawl Stone Soup version 0.29-a0-356-g7bc237e783 (webtiles) character file.

Game seed: 9822211711601761248

389 bande the Skirmisher (level 6, -6/39 HPs)
             Began as a Gargoyle Fighter on Apr 26, 2022.
             Mangled by an ice beast (12 damage)
             ... on level 4 of the Dungeon.
             The game lasted 00:03:58 (3272 turns).

bande the Skirmisher (Gargoyle Fighter)             Turns: 3272, Time: 00:03:58

Health: -6/39      AC: 12    Str: 19    XL:     6   Next: 79%
Magic:  6/6        EV:  9    Int:  9    God:
Gold:   139        SH:  4    Dex: 11    Spells: 5/5 levels left

rFire   . . .      SeeInvis .   a - +0 war axe
rCold   . . .      Faith    .   c - +0 buckler
rNeg    + . .      Spirit   .   b - +0 scale mail
rPois   ∞          Reflect  .   (no helmet)
rElec   +          Harm     .   (no cloak)
rCorr   .          Rampage  .   (no gloves)
Will    .....                   f - +0 pair of boots
Stlth   ..........              (no amulet)
HPRegen 0.13/turn               (no ring)
MPRegen 0.10/turn               (no ring)

@: no status effects
A: sickness immunity, AC +4, negative energy resistance 1, electricity
resistance, torment resistance 1, petrification resistance
a: no special abilities


You were on level 4 of the Dungeon.
You visited 2 branches of the dungeon, and saw 5 of its levels.

You collected 139 gold pieces.

Inventory:

Hand Weapons
 a - a +0 war axe (weapon)
 n - a +0 flail
Armour
 b - a +0 scale mail (worn)
 c - a +0 buckler (worn)
 f - a +0 pair of boots (worn)
Jewellery
 q - a +4 ring of slaying
Scrolls
 e - a scroll of fear
 h - 4 scrolls of teleportation
Potions
 d - a potion of might
 g - a potion of brilliance
 i - 3 potions of curing
 j - a potion of heal wounds
 k - a potion of resistance {unknown}
 l - a potion of flight {unknown}
 m - a potion of attraction {unknown}


   Skills:
 + Level 4.6 Fighting
 + Level 4.6 Axes
 + Level 4.4 Armour
 + Level 4.1 Shields


You had 5 spell levels left.
You didn't know any spells.
Your spell library contained the following spells:

 Spells                   Type           Power      Damage    Failure   Level
 Magic Dart               Conj           0%         1d3       83%         1
 Sandblast                Erth           0%         2d4       83%         1
 Call Imp                 Summ           0%         N/A       93%         2
 Passwall                 Tmut/Erth      0%         N/A       93%         2
 Dazzling Flash           Conj/Hex       0%         N/A       99%         3
 Mephitic Cloud           Conj/Pois/Air  0%         N/A       99%         3
 Stone Arrow              Conj/Erth      0%         3d7       99%         3
 Agony                    Necr           0%         N/A       100%        5
 Silence                  Hex/Air        0%         N/A       100%        5


Dungeon Overview and Level Annotations

Branches:
Dungeon (4/15)             Temple (1/1) D:4

Altars:
Ashenzari
Dithmenos
Elyvilon
Kikubaaqudgha
Nemelex Xobeh
Qazlal
Ru
Sif Muna
Vehumet
Yredelemnul
Zin


Innate Abilities, Weirdness & Mutations

You are immune to sickness and miasma.
Your stone body is resilient. (AC +4)
You are immune to poison.
You resist negative energy. (rN+)
You are resistant to electric shocks. (rElec)
You are resistant to unholy torment.
You are immune to petrification.


Message History

n - a +0 flail The ice beast barely misses you.
You hit the ice beast but do no damage.
The ice beast hits you but does no damage.
The ice beast barely misses you.
You hit the ice beast.
The ice beast is moderately wounded.
The ice beast hits you but does no damage.
You hit the ice beast.
The ice beast is moderately wounded.
The ice beast hits you. The ice beast freezes you!
You closely miss the ice beast.
The ice beast is moderately wounded.
The ice beast barely misses you.
The ice beast hits you but does no damage.
You hit the ice beast but do no damage.
The ice beast is moderately wounded.
The ice beast hits you but does no damage.
You slash the ice beast!
The ice beast is severely wounded.
The ice beast hits you but does no damage.
You closely miss the ice beast.
The ice beast is severely wounded.
The ice beast hits you. The ice beast freezes you!
* * * LOW HITPOINT WARNING * * *
You closely miss the ice beast.
The ice beast is severely wounded.
The ice beast closely misses you. The ice beast barely misses you.
You hit the ice beast but do no damage.
The ice beast is severely wounded.
The ice beast hits you but does no damage.
You hit the ice beast.
The ice beast is severely wounded.
You block the ice beast's attack.
You barely miss the ice beast.
The ice beast is severely wounded.
The ice beast hits you.
* * * LOW HITPOINT WARNING * * *
The ice beast freezes you!
You die...

...........#.......
...........#.......
...........#........
...........#...##...
......§§§..+...##...
.....≈§§§≈.#........
....§≈§≈≈§≈#........
....≈§§>≈§≈)[.......
....§≈≈§§§Y@.)......
.....≈§§≈≈.)†)......
......≈§§...........
.......#####+######+
....... .......
....... .....


You could see an ice beast.

Vanquished Creatures
  Sigmund (D:3)
  A phantom (D:3)
  A jelly (D:4)
  2 hound zombies (D:3)
  2 adders
  3 worms
  5 orcs (D:4)
  4 bats
  5 endoplasms
  5 giant cockroaches
  4 hobgoblins
  4 jackals (D:3)
  3 quokkas
  12 ball pythons
  3 frilled lizards
  4 goblins
  9 kobolds
  5 rats
73 creatures vanquished.

Vanquished Creatures (others)
  4 plants (Temple)
4 creatures vanquished.

Grand Total: 77 creatures vanquished

Notes
Turn   | Place    | Note
-------+----------+-------------------------------------------
     0 | D:1      | bande the Gargoyle Fighter began the quest for the Orb.
     0 | D:1      | Reached XP level 1. HP: 14/14 MP: 1/1
   185 | D:1      | Reached XP level 2. HP: 19/19 MP: 2/2
  1041 | D:2      | Reached XP level 3. HP: 24/24 MP: 3/3
  1416 | D:2      | Found a faded altar of an unknown god.
  2052 | D:3      | Reached XP level 4. HP: 21/29 MP: 4/4
  2169 | D:3      | Noticed Sigmund
  2183 | D:3      | Killed Sigmund
  2184 | D:3      | Reached XP level 5. HP: 13/34 MP: 5/5
  2435 | D:3      | Reached XP level 6. HP: 36/39 MP: 6/6
  2717 | D:3      | Found a basalt altar of Yredelemnul.
  3105 | D:4      | Found a staircase to the Ecumenical Temple.
  3116 | Temple   | Entered the Ecumenical Temple
  3255 | D:4      | Noticed an ice beast
  3272 | D:4      | Mangled by an ice beast

Illustrated notes

Levels and vault maps discovered:
D:1:      lemuel_arrival_cross, layout_basic
D:2:      minmay_kobold_bridge, layout_basic,
          shapermc_ecumenical_altar_flowoftime, minmay_misc_feat_doors
D:3:      layout_basic, lemuel_zombie_altar_yredelemnul, uniq_sigmund
D:4:      layout_gridville, nicolae_overflow_crystal_walls,
          mainiacjoe_overflow_brackets, gammafunk_temple_overflow_pools,
          minmay_temple_entry_mist, serial_shops, shop, uniq_ijyb
Temple:   cyrus_temple_forest

Skill      XL: |  1  2  3  4  5  6 |
---------------+-------------------+-----
Axes           | 2 3 4 |  4.6
Fighting       | 4 |  4.6
Armour         | 4 |  4.4
Shields        | 4 |  4.1

Action                   |  1- 3 |  4- 6 || total
-------------------------+-------+-------++-------
Melee: War axe           |   120 |   113 ||   233
  Use: Scroll            |     7 |     3 ||    10
       Potion            |       |     1 ||     1
Armor: Scale mail        |    62 |    64 ||   126
Dodge: Dodged            |    80 |    59 ||   139
Block: Buckler           |    41 |    30 ||    71

Table legend: (Time is in decaauts)
 A = Elapsed time spent in this place.
 B = Non-inter-level travel time spent in this place.
 C = Inter-level travel time spent in this place.
 D = Time resting spent in this place.
 E = Time spent auto-exploring this place.
 F = Levels seen in this place.
 G = Mean time per level.
                   A        B        C        D        E       F      G
               +--------+--------+--------+--------+--------+-----+--------+
         Total |   3365 |   3336 |     29 |    189 |   2424 |   5 |  673.0 |
       Dungeon |   3249 |   3220 |     29 |    189 |   2424 |   4 |  812.2 |
        Temple |    116 |    116 |      0 |      0 |      0 |   1 |  116.0 |
               +--------+--------+--------+--------+--------+-----+--------+

Top non-repeatable levels by time:
     D:3: 1163 daAuts
     D:1: 1034 daAuts
     D:2: 980 daAuts
  Temple: 116 daAuts
     D:4: 70 daAuts
